022, lawful female dwarven Valkyrie ----------- .......<...#######u@M |.........| .(.... |......{..| ...........| |.........| ----- ------ ----.------ ##### # ### # ## + 022 the Skirmisher Experience level: 5 Strength: 18/02 Dexterity: 9 Constitution: 18 Intelligence: 10 Wisdom: 8 Charisma: 4 Health: 0(57) Energy: 6(6) Def: 7 Gold: 456 Moves: 3210 Dungeon seed: Pal8mUHkjvsukzfa Game ID: 022_1588101036 Your Inventory: Coins $ - 456 gold pieces Weapons a - a thoroughly rusty +2 long sword b - a +0 dagger f - a cursed +0 spear (weapon in hand) h - a +0 sling o - a +0 orcish dagger S - 9 +0 shuriken (in quiver) T - a +0 short sword Armor e - an uncursed +0 pair of leather gloves (being worn) n - an uncursed +0 ring mail (being worn) q - a blessed +0 pair of iron shoes (being worn) y - an uncursed +0 orcish helm (being worn) Comestibles c - 6 uncursed food rations g - 3 uncursed eggs D - an uncursed tin of spinach H - 3 uncursed lichen corpses I - an uncursed cream pie V - 2 uncursed tripe rations Scrolls R - an uncursed scroll of enchant armor X - an uncursed scroll of destroy armor Spellbooks l - an uncursed spellbook of identify Tools d - an uncursed oil lamp (0:1345) i - an uncursed blindfold j - an uncursed magic whistle Z - a crystal ball (0:0) Gems r - an uncursed garnet stone z - an uncursed worthless piece of yellowish brown glass N - 2 uncursed worthless pieces of red glass Y - an uncursed worthless piece of white glass Spells and supernatural/magical abilities: Name Level Category Fail Memory I - identify 3 divination 100% 100% W - pray for help -- divine ? -- Your skills at the end: Fighting Skills Weapon Skills dagger [Basic] long sword [Basic] Spellcasting Skills Final Attributes: You were piously aligned. You were cold resistant. You had infravision. You were stealthy. You are dead. Vanquished creatures: a giant ant a floating eye a kitten 3 giant bats a monkey 2 orc zombies 4 dwarf zombies a wererat a large kobold a hobgoblin a giant rat 6 cave spiders a green mold 13 garter snakes 3 geckos 5 jackals 2 foxes 3 goblins 4 sewer rats 4 grid bugs 3 bats 4 lichens 4 newts 69 creatures vanquished. Voluntary challenges: You used a wielded weapon 80 times, starting on turn 1. You read items or engraved 18 times, starting on turn 1910. You never genocided any monsters. You never polymorphed an object. You never changed form. You used no wishes. You never split a pudding. You never wrote Elbereth's name. You never violated your personal moral code. Dungeon overview: The Dungeons of Doom: levels 1 to 11 Level 1 a long staircase Level 2 an armor shop Level 3 a scroll shop Level 4 a fountain Level 5 a fountain Level 6 many fountains Level 7 a fountain a long staircase Level 8 an altar to Loki Level 9 Level 10 an altar to Tyr, a sink Level 11 <- You were here a fountain History has recorded: On T:1 you entered the Dungeons of Doom to retrieve the Amulet of Yendor! On T:401 you reached level 2 of The Dungeons of Doom. On T:624 you advanced to experience level 2. On T:688 you reached level 3 of The Dungeons of Doom. On T:843 you reached level 4 of The Dungeons of Doom. On T:928 you advanced to experience level 3. On T:1149 you reached level 5 of The Dungeons of Doom. On T:1322 you advanced to experience level 4. On T:1871 you reached level 6 of The Dungeons of Doom. On T:2026 you advanced to experience level 5. On T:2135 you reached level 7 of The Dungeons of Doom. On T:2414 you reached level 8 of The Dungeons of Doom. On T:2786 you reached level 9 of The Dungeons of Doom. On T:2916 you reached level 10 of The Dungeons of Doom. On T:3154 you reached level 11 of The Dungeons of Doom. Score breakdown: Gold: 456 ( 9048 points) Experience: 5 levels (11141 points) Exploration: 11 levels ( 22.92%) (13837 points) Discoveries: 15 items ( 6.12%) ( 7423 points) Valuables value: (no points given unless you survive) Artifact value: 0 ( 0 points) Variety of kills: 23 monsters ( 6.04%) ( 7370 points) Turncount: 3210 turns ( -699 points) Survival: died (score multiplied by 80%) Total score: 38496 Latest messages: This fox corpse tastes terrible! You finish eating the fox corpse. You hear a low buzzing. You hear a door open. Your long sword rusts completely! A feeling of loss comes over you. You displace your pony. You hear a door open. You stop exploring. You miss the ettin mummy. The ettin mummy hits! (2x) You miss the ettin mummy. The ettin mummy hits! (2x) You miss the ettin mummy. The ettin mummy hits! (2x) You miss the ettin mummy. The ettin mummy hits! (2x) You miss the ettin mummy. The ettin mummy hits! You die... Final status: Farvel 022 the Valkyrie, killed by an ettin mummy... You died in The Dungeons of Doom on dungeon level 11 with 38496 points, and 456 pieces of gold, after 3210 moves. You were level 5 with a maximum of 57 hit points when you died.